 Dungeon Crawl Stone Soup version 0.30-a0-223-gcb0039aa0c (webtiles) character file.

Game seed: 5352533767242093419

37 tatocazan the Trooper (level 3, 0/29 HPs)
             Began as a Demonspawn Fighter on Oct 10, 2022.
             Slain by Sigmund
             ... wielding a +0 scythe
              (5 damage)
             ... on level 2 of the Dungeon.
             The game lasted 00:02:50 (963 turns).

tatocazan the Trooper (Demonspawn Fighter)           Turns: 963, Time: 00:02:50

Health: 0/29       AC:  9    Str: 18    XL:     3   Next: 23%
Magic:  3/3        EV:  5    Int:  9    God:
Gold:   42         SH:  8    Dex: 12    Spells: 2/2 levels left

rFire   . . .      SeeInvis .    a - +0 war axe
rCold   . . .      Faith    .    j - +0 kite shield
rNeg    . . .      Spirit   .    o - +0 chain mail
rPois   .          Reflect  .    (no helmet)
rElec   .          Harm     .    (no cloak)
rCorr   .          Rampage  .    (no gloves)
Will    .....                    (no boots)
Stlth   ..........               (no amulet)
HPRegen 0.24/turn                h - +4 ring of slaying
MPRegen 0.08/turn                (no ring)

@: mighty, hasted, very quick
A: powered by pain 1
a: no special abilities


You were on level 2 of the Dungeon.
You visited 1 branch of the dungeon, and saw 2 of its levels.

You collected 42 gold pieces.

Inventory:

Hand Weapons
 a - a +0 war axe (weapon)
Missiles
 l - 4 atropa-tipped darts (quivered)
Armour
 b - a +0 scale mail
 c - a +0 buckler
 j - a +0 kite shield (worn)
 o - a +0 chain mail (worn)
Jewellery
 h - a +4 ring of slaying (left hand)
Scrolls
 e - a scroll of torment {unknown}
 f - a scroll of teleportation {unknown}
 g - 4 scrolls of identify {unknown}
 i - a scroll of amnesia {unknown}
 k - 2 scrolls of brand weapon {unknown}
 m - a scroll of poison {unknown}


   Skills:
 + Level 3.3 Fighting
 + Level 2.2 Axes
 + Level 3.0 Armour
 + Level 3.0 Shields


You had 2 spell levels left.
You didn't know any spells.
Your spell library was empty.

Dungeon Overview and Level Annotations

Branches:
Dungeon (2/15)

Altars:

Annotations:
D:2 Sigmund


Innate Abilities, Weirdness & Mutations

You sometimes gain a little power by taking damage.


Message History

No target in view!
No target in view!
No target in view!
You see here an amethyst potion.
There is a stone staircase leading up here.
A magic dart appears from out of thin air!
The magic dart hits you.
You climb upwards.
Reactivating autopickup.
There is a stone staircase leading down here.
You take 1 damage, and have 28/29 hp.
You start resting.
HP restored.
Health restored: 29 You climb downwards.
Level annotation: Sigmund
There is a stone staircase leading up here.
You feel very mighty all of a sudden.
You hear some strange, mumbled words.
A puff of flame appears from out of thin air!
Deactivating autopickup; reactivate with Ctrl-A.
The puff of flame hits you!
You take 8 damage, and have 21/29 hp.
MASSIVE DAMAGE!!
Something hits you but does no damage.
You miss something. Something hits you.
You take 6 damage, and have 16/29 hp.
MASSIVE DAMAGE!!
You slash something! Something hits you but does no damage.
You slash something! Something hits you!
* * * LOW HITPOINT WARNING * * *
You take 9 damage, and have 7/29 hp.
MASSIVE DAMAGE!!
You miss something. Something hits you.
* * * LOW HITPOINT WARNING * * *
You take 3 damage, and have 4/29 hp.
You miss something. You block something's attack.
You completely miss something.
An endoplasm comes into view.
You block something's attack.
It was a potion of haste.
You feel yourself speed up.
You miss something. Something hits you.
You die...

#....##
#####.....###
............
..J........#
#.....#..# .#
#.....#..# .#
#........# .#
#..{.!...# .#
#...@<...####.#
#.............###...
#....####.##).......
####.......#.####..
#.####...........
.(....##.########.
...... #....[.....
....... #.##.######
...... #.##.######


You could see an endoplasm.

Vanquished Creatures
  A worm (D:2)
  2 dart slugs
  2 ball pythons (D:1)
  4 endoplasms
  2 giant cockroaches (D:1)
  2 goblins (D:2)
  3 kobolds
  3 quokkas
  2 bats (D:1)
  4 frilled lizards
  3 rats
28 creatures vanquished.

Notes
Turn   | Place    | Note
-------+----------+-------------------------------------------
     0 | D:1      | tatocazan the Demonspawn Fighter began the quest for the
                  | Orb.
     0 | D:1      | Reached XP level 1. HP: 18/18 MP: 1/1
   194 | D:1      | Gained mutation: You sometimes gain a little power by
                  | taking damage. [demonic ancestry]
   194 | D:1      | Reached XP level 2. HP: 23/24 MP: 2/2
   656 | D:1      | Found a faded altar of an unknown god.
   656 | D:1      | Noticed a Hell Sentinel
   766 | D:2      | Reached XP level 3. HP: 29/29 MP: 3/3
   942 | D:2      | Noticed Sigmund
   963 | D:2      | Slain by Sigmund

Illustrated notes

Levels and vault maps discovered:
D:1:      eino_arrival_water_cross, layout_rooms,
          dreamdust_ecumenical_altar_sealed_demon, minivault_27, minmay_bisected
D:2:      layout_basic, uniq_terence, uniq_sigmund

Skill      XL: |  1  2 |
---------------+-------+-----
Axes           | 2 |  2.2
Shields        | 3 |  3.0
Armour         | 3 |  3.0
Fighting       | |  3.3

Action                   || total
-------------------------++-------
Melee: War axe           ||    84
  Use: Potion            ||     2
Armor: Scale mail        ||    31
       Chain mail        ||     2
Dodge: Dodged            ||    29
Block: Buckler           ||    11
       Kite shield       ||    13

Table legend: (Time is in decaauts)
 A = Elapsed time spent in this place.
 B = Non-inter-level travel time spent in this place.
 C = Inter-level travel time spent in this place.
 D = Time resting spent in this place.
 E = Time spent auto-exploring this place.
 F = Levels seen in this place.
 G = Mean time per level.
                   A        B        C        D        E       F      G
               +--------+--------+--------+--------+--------+-----+--------+
         Total |   1003 |    956 |     47 |      4 |    672 |   2 |  501.5 |
       Dungeon |   1003 |    956 |     47 |      4 |    672 |   2 |  501.5 |
               +--------+--------+--------+--------+--------+-----+--------+

Top non-repeatable levels by time:
     D:1: 727 daAuts
     D:2: 276 daAuts
